 Dungeon Crawl Stone Soup version 0.29.1-1-gd02db6906a (webtiles) character file.

Game seed: 11833999079584335385

156 pyryhyry the Twirler (level 5, -3/32 HPs)
             Began as a Gargoyle Gladiator on Oct 20, 2022.
             Slain by a gnoll
             ... wielding a +0 halberd
              (16 damage)
             ... on level 3 of the Dungeon.
             The game lasted 00:06:57 (3575 turns).

pyryhyry the Twirler (Gargoyle Gladiator)           Turns: 3575, Time: 00:06:58

Health: -3/32      AC: 14    Str: 17    XL:     5   Next: 37%
Magic:  15/15      EV: 10    Int: 17    God:
Gold:   183        SH:  4    Dex: 11    Spells: 3/5 levels left

rFire   . . .      SeeInvis .   n - +0 mace (protect)
rCold   . . .      Faith    .   m - +0 buckler
rNeg    + . .      Spirit   .   u - +2 ring mail {Will+}
rPois   ∞          Reflect  .   c - +1 helmet
rElec   +          Harm     .   (no cloak)
rCorr   .          Rampage  .   f - +0 pair of gloves
Will    +....                   (no boots)
Stlth   +.........              (no amulet)
HPRegen 0.10/turn               j - +6 ring of intelligence
MPRegen 0.14/turn               A - ring of magical power

@: no status effects
A: sickness immunity, AC +4, negative energy resistance 1, electricity
resistance, torment resistance 1, petrification resistance
a: no special abilities


You were on level 3 of the Dungeon.
You visited 1 branch of the dungeon, and saw 3 of its levels.

You collected 183 gold pieces.

Inventory:

Hand Weapons
 a - a +1 quarterstaff
 n - a +0 mace of protection (weapon)
Missiles
 d - 2 throwing nets (quivered)
 e - a javelin
Armour
 b - a +0 leather armour
 c - a +1 helmet (worn)
 f - a +0 pair of gloves (worn)
 m - a +0 buckler (worn)
 p - a +0 scale mail
 s - a +0 cloak
 t - a +0 ring mail of cold resistance
 u - a +2 ring mail of willpower (worn)
Jewellery
 j - a +6 ring of intelligence (left hand)
 k - a ring of flight
 y - a ring of ice
 A - a ring of magical power (right hand)
Wands
 w - a wand of paralysis (10)
Scrolls
 g - 3 scrolls of identify
 h - a scroll of enchant weapon
 i - a scroll of enchant armour
Potions
 o - a potion of resistance {unknown}
 q - a potion of might
 r - a potion of curing {unknown}
 v - a potion of haste {unknown}
 x - 2 potions of attraction {unknown}
 z - 2 potions of berserk rage {unknown}


   Skills:
 - Level 2.8 Fighting
 + Level 0.5(2.3) Maces & Flails
 - Level 3.7(3.8) Staves
 - Level 1.7 Throwing
 * Level 2.2 Armour
 - Level 2.7 Dodging
 - Level 1.3 Stealth
 * Level 1.6 Shields
 + Level 0.7 Spellcasting
 + Level 0.5 Conjurations


You had 3 spell levels left.
You knew the following spells:

 Your Spells              Type           Power      Damage    Failure   Level
a - Searing Ray           Conj           4%         2d4       54%         2

Your spell library contained the following spells:

 Spells                   Type           Power      Damage    Failure   Level
 Magic Dart               Conj           8%         1d3       41%         1
 Mephitic Cloud           Conj/Pois/Air  1%         N/A       83%         3
 Ignite Poison            Fire/Tmut/Pois 0%         N/A       85%         3
 Summon Guardian Golem    Hex/Summ       0%         N/A       85%         3
 Fulminant Prism          Conj/Hex       0%         3d6       99%         4
 Freezing Cloud           Conj/Ice/Air   0%         6-21      100%        5
 Orb of Destruction       Conj           1%         9d5       100%        7
 Spellforged Servitor     Conj/Summ      0%         N/A       100%        7


Dungeon Overview and Level Annotations

Branches:
Dungeon (3/15)

Altars:


Innate Abilities, Weirdness & Mutations

You are immune to sickness and miasma.
Your stone body is resilient. (AC +4)
You are immune to poison.
You resist negative energy. (rN+)
You are resistant to electric shocks. (rElec)
You are resistant to unholy torment.
You are immune to petrification.


Message History

The gnoll shouts!
The gnoll moves out of view.
A gnoll comes into view. It is wielding a +0 flail.
The gnoll shouts!
A gnoll comes into view. It is wielding a +0 spear.
Throw: 3 throwing nets
Press: ? - help, Q - select action, (/) - cycle Shift-Dir - straight line, f - gnoll
Aim: a gnoll, wielding a +0 flail (60% to hit)
You throw a throwing net. The throwing net hits the gnoll.
The gnoll is caught in the net!
The gnoll struggles against the net.
Throw: 2 darts (datura)
Press: ? - help, Q - select action, (/) - cycle Shift-Dir - straight line, f/p - gnoll
Aim: a gnoll, wielding a +0 flail (entangled in a net, 93% to hit, chance to frenzy on hit: 100%)
You throw a datura-tipped dart. The datura-tipped dart hits the gnoll.
The gnoll flies into a frenzy!
The gnoll struggles against the net.
The gnoll hits the gnoll with a +0 halberd.
The gnoll struggles against the net.
The gnoll hits the gnoll with a +0 halberd!
The gnoll dies!
Throw: dart (datura)
Press: ? - help, Q - select action, (/) - cycle Shift-Dir - straight line, f - gnoll
Aim: a gnoll, wielding a +0 halberd (60% to hit, chance to frenzy on hit: 100%)
You throw a datura-tipped dart. The datura-tipped dart hits the gnoll.
The gnoll flies into a frenzy!
The gnoll hits the gnoll with a +0 halberd!
The gnoll dies!
The gnoll shouts!
The gnoll shouts!
As you open the door, it creaks loudly!
The gnoll shouts!
The gnoll misses you.
There is an open door here.
The gnoll hits you from afar with a +0 halberd!!
Ouch! That really hurt!
You close the door.
A gnoll opens the door.
You close the door.
A gnoll opens the door.
The gnoll hits you from afar with a +0 halberd!
Ouch! That really hurt!
You die...

,* ,* ########## ,* ############
####........#
,****#..........####...........##
,,,,,+..........'))..............
##***#........†.####...........#*
.# #..........# #...........#
.##########....########........##
.......)()....g'@.....'..........
........###....########........##
..##.##.###....# #........#
......#.#......# ##########
......#.#....##############
......#.'....+............#
.###....#....######.#####.# ##
#.##.#....# #.# #.#######
#.##.#....# #)# #........


You could see a neutral gnoll (fast, strong, insane).

Vanquished Creatures
  Terence (D:2)
  4 gnolls (D:3)
  An adder (D:2)
  A worm (D:2)
  5 dart slugs
  An orc (D:3)
  6 ball pythons
  4 bats
  9 endoplasms
  4 giant cockroaches
  3 goblins
  4 hobgoblins
  A jackal (D:1)
  5 kobolds
  5 frilled lizards
  5 rats
59 creatures vanquished.

Vanquished Creatures (collateral kills)
  A gnoll (D:3)
1 creature vanquished.

Vanquished Creatures (others)
  A gnoll (D:3)
1 creature vanquished.

Grand Total: 61 creatures vanquished

Notes
Turn   | Place    | Note
-------+----------+-------------------------------------------
     0 | D:1      | pyryhyry the Gargoyle Gladiator began the quest for the
                  | Orb.
     0 | D:1      | Reached XP level 1. HP: 12/12 MP: 1/1
   115 | D:1      | Reached XP level 2. HP: 18/18 MP: 2/2
   838 | D:1      | Reached skill level 1 in Armour
   948 | D:1      | Reached XP level 3. HP: 22/22 MP: 3/3
  1009 | D:1      | Reached skill level 1 in Stealth
  1592 | D:2      | Noticed Terence
  1601 | D:2      | Killed Terence
  1602 | D:2      | Reached XP level 4. HP: 17/27 MP: 4/4
  2668 | D:3      | Found a faded altar of an unknown god.
  2866 | D:3      | Learned a level 2 spell: Searing Ray
  3204 | D:3      | Reached skill level 1 in Shields
  3364 | D:3      | Reached XP level 5. HP: 27/32 MP: 5/5
  3575 | D:3      | Slain by a gnoll

Illustrated notes

Levels and vault maps discovered:
D:1:      minmay_arrival_stone_box, layout_basic, serial_forest,
          infiniplex_forest_straight_3, infiniplex_forest_clump_C,
          infiniplex_forest_zigzag_1, infiniplex_forest_straight_3,
          infiniplex_forest_lined_room_, infiniplex_forest_lined_room_3,
          corner_web_ring, st_stairs_4, dreamdust_princess_corridor,
          minmay_bisected
D:2:      layout_loops_ring, chequers_jeans, uniq_terence
D:3:      minmay_spotlight, layout_basic, ebering_ecumenical_altar_rust

Skill      XL: |  1  2  3  4  5 |
---------------+----------------+-----
Armour         | 1 2 |  2.2
Stealth        | 1 |  1.3
Shields        | 1 |  1.6
Fighting       | |  2.8
Maces & Flails | |  0.5
Staves         | |  3.7
Throwing       | |  1.7
Dodging        | |  2.7
Spellcasting   | |  0.7
Conjurations   | |  0.5

Action                   |  1- 3 |  4- 6 || total
-------------------------+-------+-------++-------
Melee: Quarterstaff      |    73 |    50 ||   123
       Mace              |       |    70 ||    70
Throw: Dart              |       |     2 ||     2
       Throwing net      |       |     1 ||     1
  Use: Scroll            |       |     4 ||     4
       Potion            |       |     1 ||     1
 Stab: Sleeping          |       |     1 ||     1
Armor: Leather armour    |    44 |     3 ||    47
       Ring mail         |       |    55 ||    55
Dodge: Dodged            |    72 |    69 ||   141
Block: Buckler           |       |    10 ||    10
